 Dungeon Crawl Stone Soup version bcrawl-1.21.2-1-g32d02e0829 (webtiles) character file.

Game seed: 9691394781962476606

627 Freyura the Cudgeler (level 7, -4/42 HPs)
             Began as a Vine Stalker Fighter on Feb 22, 2020.
             Slain by an ogre
             ... wielding a +0 giant spiked club
              (14 damage)
             ... on level 4 of the Dungeon.
             The game lasted 00:07:24 (2127 turns).

Freyura the Cudgeler (Vine Stalker Fighter)         Turns: 2127, Time: 00:07:25

Health: -4/42      AC:  8    Str: 19    XL:     7   Next: 48%
Magic:  8/8        EV:  9    Int:  8    God:
Gold:   223        SH:  9    Dex: 15    Spells: 6/6 levels left

rFire    x . .     SeeInvis .   a - +1 flail
rCold    + . .     Gourm    .   c - +0 shield
rNeg     . . .     Faith    .   b - +0 scale mail
rPois    .         Spirit   .   (no helmet)
rElec    +         Reflect  .   (no cloak)
rCorr    .         Harm     .   (no gloves)
MR       .....                  (no boots)
Stlth    +.........             (no amulet)
HPRegen  0.54/turn              l - ring of insulation
MPRegen  0.11/turn              m - ring of ice

@: no status effects
A: fangs 3, molten scales 1, regeneration 1, screaming 1, no potion heal 3, rot
immunity, sturdy frame 1, strong jaws
a: no special abilities


You were on level 4 of the Dungeon.
You were hungry.

You visited 1 branch of the dungeon, and saw 4 of its levels.

You collected 223 gold pieces.

Inventory:

Hand Weapons
 a - a +1 flail (weapon)
Armour
 b - a +0 scale mail (worn)
 c - a +0 shield (worn)
Jewellery
 l - a ring of insulation (left hand)
 m - a ring of ice (right hand)
 x - a +5 ring of intelligence
Scrolls
 f - 2 scrolls of amnesia
 h - a scroll of immolation
 i - 4 scrolls of remove curse
 j - a scroll of identify
 k - a scroll of fog
 q - a scroll of enchant weapon
 t - 2 scrolls of teleportation
Potions
 d - a potion of curing {unknown}
 g - a potion of ambrosia {unknown}
 n - a potion of invisibility
 o - a potion of agility
 r - 2 potions of heal wounds
 s - a potion of berserk rage
 v - a potion of brilliance
 w - a potion of lignification {unknown}
Comestibles
 e - 5 rations {!d}


   Skills:
 + Level 3.9 Fighting
 * Level 4.5 Maces & Flails
 + Level 3.5 Armour
 + Level 2.8 Dodging
 + Level 4.0 Shields


You had 6 spell levels left.
You didn't know any spells.
Your spell library was empty.

Dungeon Overview and Level Annotations

Branches:
Dungeon (4/12)
 Temple: D:4-7

Altars:
Fedhas
Makhleb
Nemelex Xobeh

Shops:
D:4 :


Innate Abilities, Weirdness & Mutations

You have razor-sharp teeth.
Your natural rate of healing is unusually fast.
Potions cannot restore your health.
You are immune to rotting.
Your bites deal extra damage.
You are partially covered in molten scales. (AC +2)
You occasionally shout uncontrollably at your foes.
Your movements are slightly less encumbered by armour. (ER -2)


Message History

The ogre hits you with a +0 giant spiked club!
* * * LOW HITPOINT WARNING * * *
You block the orc's attack. You block the orc's attack.
Things that are here:
a +0 hand axe; a +0 leather armour The orc hits you with a +0 dagger.
* * * LOW HITPOINT WARNING * * *
The orc hits you but does no damage.
Your shield and scale mail prevent you from hitting the orc.
Your bite misses the orc. The orc hits you but does no damage.
You thump the orc!
You kill the orc!
Your Shields skill increases to level 4!
You sock the orc!
You kill the orc!
You hit the ogre.
The ogre is severely wounded.
The ogre hits you with a +0 giant spiked club!
You die...

..........# ...
..........## ..
...........# ..
#..##.####.## .#
..##..# #..# .#
.##..##
##.###.####.# .
#.#
#####...........
..
#...†...)#####
.....#####.O@.#
#### ####.......
.#...## ## ...#
... .. .


You could see an ogre.

Vanquished Creatures
  Sigmund (D:2)
  A sky beast (D:4)
  A howler monkey (D:4)
  4 crimson imps
  An orc wizard (D:3)
  A hound skeleton (D:4)
  3 gnolls (D:3)
  3 adders
  A shadow imp (D:4)
  An ooze (D:4)
  An adder skeleton (D:3)
  A worm (D:2)
  2 dart slugs (D:2)
  2 leopard geckos
  5 orcs
  4 ball pythons
  5 bats (D:1)
  6 giant cockroaches (D:1)
  15 hobgoblins
  2 jackals (D:2)
  2 quokkas
  3 frilled lizards
  2 goblins
  A jackal skeleton (D:4)
  13 kobolds
  7 rats
88 creatures vanquished.

Notes
Turn   | Place    | Note
-------+----------+-------------------------------------------
     0 | D:1      | Freyura the Vine Stalker Fighter began the quest for the
                  | Orb.
     0 | D:1      | Reached XP level 1. HP: 13/13 MP: 2/2
    86 | D:1      | Reached XP level 2. HP: 18/18 MP: 3/3
   307 | D:1      | Reached XP level 3. HP: 22/22 MP: 4/4
   550 | D:1      | Reached skill level 1 in Dodging
   596 | D:2      | Noticed Sigmund
   612 | D:2      | Killed Sigmund
   612 | D:2      | Reached XP level 4. HP: 15/28 MP: 5/5
   612 | D:2      | Reached XP level 5. HP: 17/32 MP: 6/6
   694 | D:2      | Gained mutation: You have razor-sharp teeth. [Vine Stalker
                  | growth]
   694 | D:2      | Reached XP level 6. HP: 36/37 MP: 7/7
   981 | D:2      | Found a faded altar of an unknown god.
  1147 | D:3      | Found a blossoming altar of Fedhas.
  1204 | D:3      | Found a burning altar of Makhleb.
  1326 | D:3      | Found a sparkling altar of Nemelex Xobeh.
  1776 | D:3      | Gained mutation: Your movements are slightly less
                  | encumbered by armour. (ER -2) [potion of mutation]
  1776 | D:3      | Gained mutation: You occasionally shout uncontrollably at
                  | your foes. [potion of mutation]
  1776 | D:3      | Gained mutation: You are partially covered in molten
                  | scales. (AC +2) [potion of mutation]
  2000 | D:4      | Found Qohast's Book Emporium.
  2039 | D:4      | Noticed a sky beast
  2053 | D:4      | Reached XP level 7. HP: 35/42 MP: 8/8
  2127 | D:4      | Slain by an ogre

Skill      XL: |  1  2  3  4  5  6  7 |
---------------+----------------------+-----
Maces & Flails | 2 3 4 |  4.5
Dodging        | 2 |  2.8
Shields        | 3 4 |  4.0
Fighting       | 3 |  3.9
Armour         | 3 |  3.5

Action                   |  1- 3 |  4- 6 |  7- 9 || total
-------------------------+-------+-------+-------++-------
Melee: Flail             |   102 |   128 |    49 ||   279
       Bite              |     9 |    10 |     5 ||    24
  Use: Potion            |     1 |     2 |       ||     3
       Scroll            |       |    15 |       ||    15
  Eat: Chunk             |       |     4 |       ||     4
Armor: Scale mail        |    74 |    66 |    22 ||   162
Dodge: Dodged            |    55 |    49 |    25 ||   129
Block: Shield            |    82 |    60 |    38 ||   180
